 Dungeon Crawl Stone Soup version 0.27-a0-705-ga0013940fb (webtiles) character file.

Game seed: 6247435050263361223

2844 Byz the Thaumaturge (level 9, -7/41 HPs)
             Began as a Spriggan Conjurer on Mar 15, 2021.
             Was a Follower of Vehumet.
             Mangled by a troll (14 damage)
             ... on level 11 of the Dungeon on Mar 22, 2021.
             The game lasted 00:35:52 (11567 turns).

Byz the Thaumaturge (Spriggan Conjurer)            Turns: 11567, Time: 00:35:53

Health: -7/41      AC:  2    Str:  3    XL:     9   Next: 46%
Magic:  8/23       EV: 34    Int: 23    God:    Vehumet [*.....]
Gold:   432        SH:  0    Dex: 13    Spells: 15/26 levels left

rFire    . . .     SeeInvis +   D - +1 dagger (elec)
rCold    + . .     Faith    .   (shield restricted)
rNeg     . . .     Spirit   .   a - +0 robe
rPois    .         Reflect  .   (helmet restricted)
rElec    .         Harm     .   (no cloak)
rCorr    .         Rampage  .   (gloves unavailable)
Will     +....                  (boots unavailable)
Stlth    ++........             K - amulet of the acrobat
HPRegen  0.13/turn              B - ring of protection from cold
MPRegen  0.18/turn              (no ring)

@: acrobatic, very quick
A: very small, no large weapons, unfitting armour, see invisible, speed 3
a: Renounce Religion


You were on level 11 of the Dungeon.
You worshipped Vehumet.
Vehumet was aware of your devotion.
You visited 2 branches of the dungeon, and saw 10 of its levels.
You also visited: Ossuary.

You collected 432 gold pieces.

Inventory:

Hand Weapons
 i - a +0 short sword
 D - a +1 dagger of electrocution (weapon)
 H - a +2 dagger of draining
Armour
 a - a +0 robe (worn)
 r - a +0 leather armour
Jewellery
 p - a ring of fire
 B - a ring of protection from cold (right hand)
 F - the ring "Efis" {rPois rF+ rC+ Str-5 Int+6}
   (You found it on level 6 of the Dungeon)

   [ring of poison resistance]

   It affects your strength (-5).
   It affects your intelligence (+6).
   It protects you from fire.
   It protects you from cold.
   It protects you from poison.
 K - an amulet of the acrobat (around neck)
 M - an amulet of reflection
Wands
 k - a wand of random effects (26)
 m - a wand of flame (19)
Scrolls
 b - 11 scrolls of identify {unknown}
 c - 2 scrolls of immolation {unknown}
 l - 3 scrolls of enchant weapon {unknown}
 n - 2 scrolls of noise {unknown}
 q - 2 scrolls of enchant armour {unknown}
 w - 2 scrolls of amnesia {unknown}
 y - 2 scrolls of teleportation {unknown}
 z - a scroll of fear {unknown}
 C - a scroll of random uselessness {unknown}
 E - a scroll of summoning {unknown}
 G - a scroll of acquirement {unknown}
 I - a scroll of silence {unknown}
 J - 2 scrolls of brand weapon {unknown}
Potions
 d - 2 potions of brilliance {unknown}
 e - a potion of degeneration {unknown}
 f - a potion of lignification {unknown}
 g - 6 potions of heal wounds {unknown}
 h - 3 potions of flight {unknown}
 j - 2 potions of mutation {unknown}
 o - a potion of might {unknown}
 s - 3 potions of berserk rage {unknown}
 t - a potion of cancellation {unknown}
 u - 3 potions of curing {unknown}
 v - 2 potions of haste {unknown}
 x - a potion of ambrosia {unknown}
 A - a potion of magic {unknown}
 L - a potion of invisibility {unknown}


   Skills:
 + Level 1.2 Fighting
 + Level 1.8 Short Blades
 * Level 6.0 Dodging
 - Level 3.0 Stealth
 + Level 9.4 Spellcasting
 * Level 7.7 Conjurations
 + Level 2.0 Hexes
 + Level 2.0 Translocations


You had 15 spell levels left.
You knew the following spells:

 Your Spells              Type           Power      Damage    Failure   Level
a - Magic Dart            Conj           100%       1d8       1%          1
b - Searing Ray           Conj           92%        3d6       1%          2
c - Fulminant Prism       Conj/Hex       16%        3d11      9%          4
d - Iskenderun's Mystic   Conj/Tloc      33%        2d8       9%          4

Your spell library contained the following spells:

 Spells                   Type           Power      Damage    Failure   Level
 Foxfire                  Conj/Fire      100%       2x1d9     1%          1
 Apportation              Tloc           40%        N/A       2%          1
 Corona                   Hex            22%        N/A       2%          1
 Dazzling Flash           Conj/Hex       66%        N/A       2%          3
 Animate Skeleton         Necr           20%        N/A       6%          1
 Beastly Appendage        Tmut           20%        N/A       6%          1
 Summon Small Mammal      Summ           40%        N/A       6%          1
 Wereblood                Tmut           10%        N/A       9%          2
 Spider Form              Tmut/Pois      5%         N/A       19%         3
 Ice Form                 Ice/Tmut       10%        N/A       52%         4
 Blade Hands              Tmut           5%         N/A       86%         5


Dungeon Overview and Level Annotations

Branches:
Dungeon (8/15)             Temple (1/1) D:6         Ossuary (visited)
   Lair: D:8-11

Altars:
Ashenzari
Cheibriados
Dithmenos
Elyvilon
Fedhas
Gozag
Hepliaklqana
Kikubaaqudgha
Makhleb
Nemelex Xobeh
Okawaru
Qazlal
Ru
Sif Muna
Trog
Uskayaw
Vehumet
Wu Jian
Xom
Yredelemnul
Zin
The Shining One


Innate Abilities, Weirdness & Mutations

You are very small and have problems with some larger weapons.
You are too small for most types of armour.
You have supernaturally acute eyesight. (SInv)
You cover ground extremely quickly. (Speed+++)


Message History

You carefully extract the barbed spikes from your body.
The manticore completely misses you. The manticore closely misses you.
The manticore completely misses you.
The searing ray hits the manticore!
You kill the manticore!
Vehumet accepts your kill.
The searing ray hits the troll!
The troll is heavily wounded.
Your Dodging skill increases to level 6!
The searing ray hits the troll!
The troll is severely wounded.
You finish channeling your searing ray.
A centaur comes into view.
The troll completely misses you. The troll misses you.
The troll completely misses you.
Casting: Searing Ray (safe; 1% risk of failure)
Confirm with . or Enter, or press ? or * to list all spells.
Aiming: Searing Ray (safe; 1% risk of failure)
Press: ? - help, Shift-Dir - straight line, p - troll The searing ray misses the troll.
The searing ray hits the troll!
The troll is moderately wounded. (Press . to maintain the ray.)
The centaur shouts!
The adder hisses angrily.
The troll completely misses you. The troll closely misses you.
The troll claws you!
A troll opens the door.
The searing ray misses the troll.
The searing ray hits the troll!
The troll is heavily wounded.
The troll closely misses you. The troll completely misses you.
The troll claws you.
* * * LOW HITPOINT WARNING * * *
Unknown command.
Unknown command.
The searing ray hits the troll!
The troll is severely wounded.
The centaur wields a +0 shortbow.
The centaur shoots an arrow.
The arrow completely misses you. The troll completely misses you. x2
The troll claws you.
* * * LOW HITPOINT WARNING * * *
The troll barely misses you. The troll claws you!
You die...

#. #........
#. #........
.. #.......
#. #.S....
..##..#..c.#
......#....+
......TT...#
#@...#
#....#
######


You could see 2 trolls, a centaur and an adder.

Vanquished Creatures
  A manticore (D:11)
  Sigmund (D:2)
  An ice beast (D:6)
  A necrophage (D:6)
  3 phantoms
  5 bullfrogs
  A scorpion (D:5)
  4 killer bees (D:8)
  5 wights (D:6)
  2 howler monkeys (D:8)
  A centaur zombie (D:8)
  A hound (D:7)
  4 orc priests
  A bullfrog skeleton (D:7)
  3 iguanas
  Natasha (D:1)
  8 orc wizards
  6 worker ants
  4 hound skeletons
  3 mummies (Ossuary)
  9 gnolls
  8 adders
  A white imp (D:7)
  An ufetubus (D:6)
  3 adder zombies (Ossuary)
  An adder skeleton (D:4)
  2 worms (D:3)
  4 dart slugs
  14 orcs
  A removed leopard gecko (D:1)
  3 ball pythons
  3 giant cockroaches
  8 goblins
  7 hobgoblins
  4 jackals (D:2)
  6 oozes
  3 quokkas
  10 bats
  5 frilled lizards
  A goblin zombie (Ossuary)
  4 hobgoblin zombies (Ossuary)
  A jackal skeleton (D:6)
  5 kobolds
  2 kobold zombies (Ossuary)
  An orc zombie (Ossuary)
  6 quokka zombies
  27 rats
  4 rat zombies
200 creatures vanquished.

Vanquished Creatures (others)
  An orc wizard (D:5)
  A plant (D:6)
2 creatures vanquished.

Grand Total: 202 creatures vanquished

Notes
Turn   | Place    | Note
-------+----------+-------------------------------------------
     0 | D:1      | Byz the Spriggan Conjurer began the quest for the Orb.
     0 | D:1      | Reached XP level 1. HP: 9/9 MP: 5/5
   273 | D:1      | Reached XP level 2. HP: 1/13 MP: 0/6
   553 | D:1      | Learned a level 2 spell: Searing Ray
  1098 | D:2      | Noticed Natasha
  1113 | D:1      | Noticed a crimson imp
  1126 | D:1      | Noticed a crimson imp
  1439 | D:1      | Noticed a crimson imp
  1441 | D:1      | Noticed a crimson imp
  1441 | D:1      | Killed Natasha
  1442 | D:1      | Reached XP level 3. HP: 16/16 MP: 1/8
  1788 | D:2      | Upgraded the game from 0.27-a0-650-g8dd3ea4f36 to
                  | 0.27-a0-705-ga0013940fb
  1908 | D:2      | Reached skill level 3 in Spellcasting
  1908 | D:2      | Reached XP level 4. HP: 17/21 MP: 1/9
  2122 | D:2      | Reached skill level 4 in Spellcasting
  2308 | D:2      | Noticed Sigmund
  2479 | D:2      | Learned a level 4 spell: Fulminant Prism
  2484 | D:2      | Learned a level 4 spell: Iskenderun's Mystic Blast
  2561 | D:2      | Reached XP level 5. HP: 25/25 MP: 8/12
  2615 | D:2      | Killed Sigmund
  2616 | D:2      | Reached skill level 1 in Translocations
  2616 | D:2      | Reached XP level 6. HP: 9/29 MP: 4/14
  3547 | D:3      | Reached skill level 5 in Spellcasting
  4540 | D:4      | Reached skill level 1 in Short Blades
  4540 | D:4      | Reached skill level 5 in Conjurations
  4811 | D:4      | Reached XP level 7. HP: 32/32 MP: 13/16
  5685 | D:4      | Reached skill level 1 in Fighting
  5978 | D:5      | Entered Level 5 of the Dungeon
  6004 | D:5      | Reached skill level 6 in Spellcasting
  6338 | D:5      | Found a sand-covered staircase.
  6363 | Ossuary  | Entered an ossuary
  7997 | D:6      | Reached XP level 8. HP: 37/37 MP: 11/19
  8104 | D:6      | Reached skill level 7 in Spellcasting
  8666 | D:6      | Identified the +10 war axe "Qeax" {holy, rPois}
  8875 | D:6      | Identified the ring "Efis" {rPois rF+ rC+ Str-5 Int+6}
  8910 | D:6      | Reached skill level 8 in Spellcasting
  9094 | D:6      | Found a staircase to the Ecumenical Temple.
  9130 | Temple   | Entered the Ecumenical Temple
  9250 | Temple   | Became a worshipper of Vehumet
  9923 | D:6      | Reached skill level 1 in Hexes
 10675 | D:7      | Found an iron altar of Okawaru.
 10739 | D:7      | Reached XP level 9. HP: 41/41 MP: 17/22
 10879 | D:7      | Reached skill level 5 in Dodging
 11269 | D:8      | Reached * piety under Vehumet
 11269 | D:8      | Offered knowledge of Foxfire by Vehumet.
 11296 | D:8      | Reached skill level 9 in Spellcasting
 11551 | D:8      | You fall into a shaft and drop 3 floors!
 11552 | D:11     | Noticed a manticore
 11557 | D:11     | Noticed a troll
 11559 | D:11     | Noticed a troll
 11563 | D:11     | Killed a manticore
 11567 | D:11     | Mangled by a troll

Illustrated notes

Levels and vault maps discovered:
D:1:      shiori_shiawase, layout_basic, minmay_pentomino_t2
D:2:      layout_loops_ring, uniq_sigmund, uniq_natasha
D:3:      layout_loops_cross, st_stairs_6
D:4:      layout_basic, minmay_rat_hole
D:5:      layout_cave_pods, enter_ossuary_4
D:6:      layout_rooms, minmay_temple_entry_offerings, serial_bayou_pond_e
D:7:      layout_basic, overflow_temple_1_default, serial_curves,
          eino_curves_04, eino_curves_02
D:8:      layout_loops_ring
D:11:     layout_gridville, david_lair_generic, nicolae_trove_entry_isolated,
          fedhas_altar_fruit_tree
Temple:   kilobyte_greek_temple

Skill      XL: |  1  2  3  4  5  6  7  8  9 |
---------------+----------------------------+-----
Conjurations   | 3 4 5 7 |  7.7
Dodging        | 3 4 6 |  6.0
Spellcasting   | 3 4 5 6 8 9 |  9.4
Translocations | 1 2 |  2.0
Short Blades   | 1 |  1.8
Fighting       | 1 |  1.2
Hexes          | 2 |  2.0
Stealth        | |  3.0

Action                   |  1- 3 |  4- 6 |  7- 9 || total
-------------------------+-------+-------+-------++-------
Melee: Short sword       |     3 |    47 |     2 ||    52
       Dagger            |       |       |     1 ||     1
 Cast: Magic Dart        |    75 |    83 |   279 ||   437
       Searing Ray       |     1 |    11 |    32 ||    44
 Stab: Sleeping          |       |     1 |     3 ||     4
Armor: Robe              |       |     3 |     3 ||     6
Dodge: Dodged            |    21 |    41 |    57 ||   119

Table legend: (Time is in decaauts)
 A = Elapsed time spent in this place.
 B = Non-inter-level travel time spent in this place.
 C = Inter-level travel time spent in this place.
 D = Time resting spent in this place.
 E = Time spent auto-exploring this place.
 F = Levels seen in this place.
 G = Mean time per level.
                   A        B        C        D        E       F      G
               +--------+--------+--------+--------+--------+-----+--------+
         Total |   9535 |   9295 |    240 |   3744 |   4338 |  11 |  866.8 |
       Dungeon |   8944 |   8715 |    229 |   3526 |   4075 |   9 |  993.8 |
        Temple |     91 |     80 |     11 |      0 |     61 |   1 |   91.0 |
       Ossuary |    499 |    499 |      0 |    218 |    201 |   1 |  499.0 |
               +--------+--------+--------+--------+--------+-----+--------+

Top non-repeatable levels by time:
     D:4: 1739 daAuts
     D:2: 1474 daAuts
     D:6: 1372 daAuts
     D:1: 1311 daAuts
     D:5: 1084 daAuts
     D:7: 828 daAuts
     D:3: 735 daAuts
 Ossuary: 499 daAuts
     D:8: 382 daAuts
  Temple: 91 daAuts
    D:11: 15 daAuts
